 Dungeon Crawl Stone Soup version 0.25.1-2-g60ff931df9 (webtiles) character file.

Game seed: 11015219337770715666

58 gbos the Chopper (level 4, 0/28 HPs)
             Began as a Gargoyle Fighter on Nov 16, 2020.
             Slain by Sigmund
             ... wielding a +3 vorpal scythe
              (6 damage)
             ... on level 2 of the Dungeon.
             The game lasted 00:00:12 (1069 turns).

gbos the Chopper (Gargoyle Fighter)                 Turns: 1069, Time: 00:00:12

Health: 0/28       AC: 10    Str: 20    XL:     4   Next: 2%
Magic:  4/4        EV:  7    Int:  9    God:
Gold:   51         SH:  9    Dex:  9    Spells: 3/3 levels left

rFire    . . .     SeeInvis .   Y - +2 war axe
rCold    . . .     Gourm    .   c - +0 kite shield
rNeg     + . .     Faith    .   b - +0 scale mail
rPois    ∞         Spirit   .   (no helmet)
rElec    +         Reflect  .   (no cloak)
rCorr    .         Harm     .   (no gloves)
MR       .....                  (no boots)
Stlth    ..........             (no amulet)
HPRegen  0.09/turn              (no ring)
MPRegen  0.09/turn              (no ring)

@: no status effects
A: negative energy resistance 1, electricity resistance, unbreathing,
petrification resistance, rot immunity, AC +3
a: no special abilities


You were on level 2 of the Dungeon.
You were not hungry.

You visited 1 branch of the dungeon, and saw 2 of its levels.

You collected 51 gold pieces.


Innate Abilities, Weirdness & Mutations

You are resistant to torment.
Your stone body is resilient. (AC +3)
You are immune to poison.
You resist negative energy. (rN+)
You are resistant to electric shocks. (rElec)
You can survive without breathing.
You are immune to petrification.
You are immune to rotting.


   Skills:
 - Level 3.2 Fighting
 + Level 3.8 Axes
 - Level 3.2 Armour
 - Level 3.2 Shields


You had 3 spell levels left.
You didn't know any spells.
Your spell library was empty.

Inventory:

Hand Weapons
 g - a +0 club
 Y - a +2 war axe (weapon)
Armour
 b - a +0 scale mail (worn)
 c - a +0 kite shield (worn)
Scrolls
 e - a scroll of enchant armour {unknown}
 i - a scroll of teleportation {unknown}
 j - a scroll of identify
 k - 2 scrolls of remove curse
Potions
 d - 3 potions of might
 h - a potion of curing {unknown}
Comestibles
 a - 4 chunks of flesh
 f - 3 rations

Dungeon Overview and Level Annotations

Branches:
Dungeon (2/15)

Altars:

Annotations:
D:2 Sigmund


Message History

Sigmund points at you and mumbles some strange words.
The magic dart hits you but does no damage.
Sigmund gestures wildly while chanting.
Sigmund flickers and vanishes!
Deactivating autopickup; reactivate with Ctrl-A.
You barely miss something. Something hits you.
You slash something! Something hits you but does no damage.
You miss something. Something hits you.
You closely miss something. Something hits you.
You closely miss something. Something hits you but does no damage.
You closely miss something. Something hits you!
You barely miss something. Something hits you.
You die...

. #.##.####.#
#.......#
..#..).#..#
#.....###
.###.##...######...#
..
#.....##....##..###
. #.###.##....
#....# #.
#.##....##....# ..
#.......#.....# #.
........#.#...# ..
###.....@.....#
......{..#...#
###.....##...#
####..##...# #.##
...# .. .# ... ##
...


There were no monsters in sight!

Vanquished Creatures
  An adder (D:2)
  An ooze (D:1)
  2 dart slugs
  2 leopard geckos (D:1)
  3 bats (D:1)
  2 giant cockroaches
  7 goblins
  5 hobgoblins
  3 frilled lizards (D:1)
  6 kobolds
  4 rats (D:1)
36 creatures vanquished.

Vanquished Creatures (others)
  9 toadstools (D:2)
9 creatures vanquished.

Grand Total: 45 creatures vanquished

Notes
Turn   | Place    | Note
-------+----------+-------------------------------------------
     0 | D:1      | gbos the Gargoyle Fighter began the quest for the Orb.
     0 | D:1      | Reached XP level 1. HP: 14/14 MP: 1/1
     0 | D:1      | 0 ||| counter = 18
    74 | D:1      | Reached XP level 2. HP: 19/19 MP: 2/2
    77 | D:1      | 77 ||| DROPPING cursed -3 club.
   355 | D:1      | Reached skill level 3 in Axes
   383 | D:1      | Reached XP level 3. HP: 23/23 MP: 3/3
   819 | D:1      | 819 ||| READING 2 scrolls labeled EFEUTROPPO.
   820 | D:1      | 820 ||| READING scroll of enchant weapon.
   820 | D:1      | 820 ||| ENCHANTING +1 war axe.
   821 | D:1      | 821 ||| READING scroll labeled CILENU SAXTUAMP.
   822 | D:1      | 822 ||| READING 2 scrolls labeled FUGHAEF ALAAR.
   823 | D:1      | 823 ||| READING 3 scrolls labeled FAOCON PIOZ ZARPHEN.
  1009 | D:2      | Reached XP level 4. HP: 27/28 MP: 4/4
  1058 | D:2      | Noticed Sigmund
  1068 | D:2      | HP: 7/28 [something (7)]
  1069 | D:2      | Slain by Sigmund

Levels and vault maps discovered:
D:1:      psy_arrival_conway, layout_loops_ring, minivault_25,
          minmay_liquid_box, grunt_decor_cap
D:2:      cheibrodos_fertilizer, layout_rooms, nicolae_overflow_hidden_temple,
          first_ration, uniq_sigmund, uniq_natasha

Skill      XL: |  1  2 |
---------------+-------+-----
Axes           | 2 3 |  3.8
Fighting       | |  3.2
Armour         | |  3.2
Shields        | |  3.2

Action                   |  1- 3 |  4- 6 || total
-------------------------+-------+-------++-------
Melee: War axe           |   136 |    11 ||   147
  Use: Scroll            |     5 |       ||     5
  Eat: Chunk             |     1 |       ||     1
Armor: Scale mail        |    79 |     7 ||    86
Dodge: Dodged            |    41 |       ||    41
Block: Kite shield       |    68 |     1 ||    69
